Map: Catalesque CE

Players

Chipadon

  • Race: Terran Terran
  • Spawn Location: 11:00

Robakazam

  • Race: Protoss Protoss
  • League: Gold
  • Spawn Location: 11:00

WarpigxxxL

  • Race: Zerg Zerg
  • Spawn Location: 5:00

xBenx

  • Race: Zerg Zerg
  • League: Gold
  • Spawn Location: 5:00

VOD

Have the link to the VOD?

Description

xBenx, Warpigxxxl, vs Robakazam, Chipadon

Time

  • Played on: April 6, 2024, 3:06 p.m.
  • Length: 15:52
Show
View Real Time Build Order
Export as new Build Order

Chipadon Terran 

Build Orders: Reaper Expand 

Get SALT Encoding   

  12  0:00  SCV  
  13  0:12  SCV  
  14  0:20  Supply Depot  
  14  0:24  SCV  
  15  0:41  SCV  
  16  0:43  Barracks  
  16  0:51  Refinery  
  16  0:53  SCV  
  17  1:17  SCV  
  19  1:38  Orbital Command  
  19  1:39  Refinery  
  18  1:49  Barracks Tech Lab  
  18  1:55  Barracks Tech Lab  
  18  2:05  SCV  
  19  2:09  Command Center  
  19  2:25  Reaper  
  20  2:41  Barracks  
  20  2:43  Factory  
  20  2:46  SCV  
  21  2:58  Reaper  
  22  3:10  Refinery  
  22  3:16  SCV  
  23  3:28  SCV  
  23  3:33  Refinery  
  24  3:40  Factory Tech Lab  
  24  3:45  Supply Depot  
  24  3:47  Supply Depot  
  23  3:49  Supply Depot  
  23  3:54  Marine  
  24  3:59  Siege Tank  
  27  4:07  SCV x2, Starport  
  29  4:12  Marauder  
  31  4:19  SCV  
  32  4:36  Siege Tank  
  34  4:40  Barracks Tech Lab  
  34  4:48  Starport Tech Lab  
  34  4:52  Fusion Core, SCV  
  36  4:59  Orbital Command  
  35  5:04  SCV  
  36  5:12  Marine  
  36  5:13  Marauder  
  39  5:16  SCV  
  39  5:28  SCV  
  39  5:30  Marine  
  39  5:34  Marauder  
  26  5:46  Battlecruiser  
  31  6:18  SCV x2  
  33  6:22  Weapon Refit  
  33  6:30  SCV x2  
  35  6:35  Marine  
  35  6:36  Marauder  
  38  6:42  SCV x2  
  40  6:49  Stimpack  
  41  6:54  Supply Depot, SCV x2  
  42  7:06  SCV x2  
  44  7:18  SCV x2  
  46  7:25  Battlecruiser  
  52  7:30  SCV x2  
  54  7:42  SCV  
  54  7:43  SCV  
  54  7:54  SCV  
  54  7:55  SCV  
  54  7:56  Marauder x2  
  58  8:06  SCV  
  58  8:07  SCV  
  60  8:17  Marauder  
  60  8:18  SCV, Marauder  
  60  8:19  SCV  
  66  8:31  SCV x2  
  68  8:39  Marauder  
  70  8:47  Supply Depot  
  70  8:48  Supply Depot  
  70  8:50  Supply Depot  
  70  9:09  Battlecruiser, Marauder  
  78  9:30  Marine, Starport  
  78  9:31  Marine  
  80  9:34  Siege Tank, Starport  
  83  9:43  SCV x2  
  83  9:44  Armory  
  83  9:45  Armory  
  85  9:49  Marauder  
  87  9:55  SCV  
  87  9:56  SCV  
  87  9:58  Supply Depot  
  89  10:07  SCV  
  89  10:08  SCV  
  89  10:10  Concussive Shells  
  91  10:16  Starport Tech Lab  
  91  10:19  Starport Reactor, SCV  
  91  10:20  SCV  
  93  10:22  Marine x2  
  95  10:31  SCV  
  96  10:40  Marine x2  
  98  10:48  Command Center  
  98  10:54  Refinery  
  98  11:29  Command Center  
  98  11:41  Refinery  
  98  11:42  Supply Depot  
  98  11:43  Supply Depot  
  98  11:48  Marine  
  99  12:00  Battlecruiser x2, Terran Vehicle And Ship Armor Level 1  
  99  12:01  Terran Ship Weapons Level 1  
  111  12:05  Supply Depot  
  111  12:08  Supply Depot  
  111  12:11  Marine x2  
  113  12:18  Viking, Medivac  
  113  12:22  Cyclone  
  119  12:26  SCV x2  
  121  12:31  SCV  
  122  12:38  Marine, SCV x2  
  122  12:43  SCV  
  126  12:48  Viking, Medivac  
  126  12:50  SCV x2  
  132  13:00  Marine  
  132  13:01  Marauder  
  132  13:04  Battlecruiser  
  141  13:07  Orbital Command  
  141  13:09  Orbital Command  
  141  13:18  Marine  
  142  13:22  Marauder  
  144  13:36  Marine  
  145  13:44  Marauder  
  150  13:48  Siege Tank  
  150  13:49  SCV x2  
  150  13:50  SCV x2  
  150  13:52  Battlecruiser  
  150  13:53  Marine  
  161  13:55  Viking  
  161  14:01  SCV  
  164  14:45  SCV  
  164  14:46  SCV, Marine  
  164  14:47  Medivac  
  164  14:48  Viking  
  164  14:50  Siege Tank  
  130  15:22  Marine  
  130  15:23  Marine  
Show
View Real Time Build Order
Export as new Build Order

Robakazam Protoss 

Build Orders: 1 Gate Expand 

Get SALT Encoding   

  12  0:00  Probe  
  13  0:15  Pylon  
  13  0:22  Probe  
  14  0:35  Gateway  
  14  0:38  Probe  
  15  0:50  Probe  
  16  1:03  Probe  
  17  1:15  Probe (Chrono Boost)  
  18  1:27  Assimilator, Probe (Chrono Boost)  
  19  1:38  Nexus  
  19  1:43  Cybernetics Core  
  19  1:55  Probe  
  20  2:07  Probe, Pylon  
  21  2:19  Probe  
  22  2:23  Assimilator  
  22  2:31  Zealot  
  24  2:40  Forge  
  24  2:41  Probe  
  25  2:52  Probe  
  25  2:53  Probe  
  25  2:57  Stargate  
  27  2:59  Adept  
  27  3:04  Probe  
  27  3:05  Probe  
  31  3:16  Probe  
  31  3:17  Probe  
  33  3:30  Gateway  
  33  3:31  Gateway  
  33  3:33  Twilight Council  
  33  3:35  Probe  
  33  3:36  Protoss Ground Weapons Level 1 (Chrono Boost), Probe  
  35  3:43  Warp Gate  
  35  3:52  Probe x2  
  37  3:59  Photon Cannon  
  37  4:04  Probe x2  
  39  4:11  Oracle  
  42  4:24  Probe  
  42  4:25  Probe  
  42  4:26  Charge (Chrono Boost)  
  44  4:35  Pylon  
  44  4:37  Probe  
  45  4:47  Pylon  
  45  4:49  Pylon  
  45  4:51  Pylon  
  45  4:53  Zealot  
  51  5:00  Pylon  
  51  5:04  Void Ray  
  51  5:06  Assimilator, Pylon  
  51  5:13  Shield Battery, Pylon  
  51  5:15  Pylon  
  51  5:16  Gateway  
  51  5:19  Zealot x2 (Chrono Boost)  
  55  5:38  Zealot  
  57  5:55  Probe x2  
  58  6:03  Void Ray  
  59  6:18  Assimilator  
  59  6:22  Zealot x2  
  59  6:23  Zealot x2  
  59  6:24  Gateway  
  67  6:26  Gateway x2  
  67  6:30  Gateway  
  67  6:45  Zealot x4  
  79  6:54  Void Ray (Chrono Boost)  
  79  7:09  Zealot x3  
  79  7:10  Zealot  
  85  7:30  Void Ray  
  85  7:39  Nexus  
  85  7:42  Assimilator  
  73  7:46  Zealot x3, Assimilator  
  65  8:00  Zealot x4  
  73  8:13  Void Ray  
  73  8:15  Probe x2  
  67  8:21  Robotics Facility  
  67  8:26  Zealot x2  
  65  8:29  Sentry x2  
  67  8:37  Zealot x2  
  65  8:53  Pylon  
  65  8:54  Probe  
  65  8:55  Probe  
  71  8:56  Void Ray  
  71  8:57  Pylon, Probe  
  70  9:06  Probe  
  70  9:07  Probe  
  70  9:09  Probe  
  73  9:18  Zealot  
  73  9:19  Zealot x3  
  79  9:35  Probe x3  
  86  9:39  Void Ray  
  86  9:42  Zealot x4, Gateway  
  94  9:52  Pylon  
  94  10:02  Zealot x4  
  94  10:06  Protoss Ground Weapons Level 2  
  106  10:22  Void Ray  
  106  10:23  Immortal  
  106  10:27  Probe  
  106  10:28  Probe x2  
  113  10:29  Protoss Air Armor Level 1 (Chrono Boost)  
  113  10:39  Probe  
  113  10:41  Zealot x3  
  113  10:42  Zealot  
  103  10:57  Probe x3  
  103  11:02  Immortal  
  109  11:05  Void Ray  
  97  11:19  Zealot x5  
  101  11:26  Nexus  
  101  11:31  Assimilator  
  95  11:34  Assimilator  
  95  11:36  Photon Cannon, Pylon  
  95  11:37  Photon Cannon  
  95  11:38  Shield Battery  
  95  11:45  Immortal  
  103  11:49  Void Ray  
  99  12:00  Fleet Beacon  
  99  12:20  Observer  
  104  12:30  Protoss Ground Armor Level 1  
  104  12:32  Void Ray  
  104  12:38  Observer  
  104  12:43  Photon Cannon  
  104  12:44  Shield Battery  
  105  12:46  Gateway  
  105  12:50  Pylon  
  103  12:58  Probe x3  
  106  12:59  Immortal  
  110  13:10  Probe  
  115  13:15  Void Ray  
  115  13:21  Protoss Air Weapons Level 1  
  115  13:33  Probe x3  
  118  13:40  Stalker  
  118  13:41  Stalker  
  122  13:45  Probe  
  122  13:46  Flux Vanes  
  122  13:47  Nexus  
  127  13:58  Void Ray  
  127  13:59  Dark Shrine  
  123  14:25  Probe  
  123  14:26  Observer, Probe x2  
  127  14:44  Void Ray (Chrono Boost)  
  131  14:46  Warp Prism  
  131  14:51  Stargate, Stalker x2  
  131  14:52  Stalker x5  
  144  14:53  Stargate  
  144  14:56  Pylon  
  144  14:58  Pylon  
  142  15:08  Probe x3  
  149  15:23  Stalker x2  
  149  15:24  Stalker x2  
Show
View Real Time Build Order
Export as new Build Order

WarpigxxxL Zerg 

Build Orders: Hatch First, Roach Nydus 

Get SALT Encoding   

  12  0:02  Drone  
  13  0:13  Drone  
  14  0:17  Overlord  
  14  0:26  Overlord  
  14  0:37  Drone x2  
  16  0:52  Drone  
  17  0:58  Drone  
  18  1:08  Hatchery  
  18  1:09  Drone  
  18  1:25  Drone, Spawning Pool  
  18  1:36  Drone  
  19  1:47  Drone  
  20  2:02  Drone x2  
  22  2:11  Hatchery  
  22  2:14  Drone, Extractor x2  
  20  2:20  Queen  
  22  2:26  Drone x2  
  24  2:32  Drone  
  25  2:38  Drone  
  26  2:44  Zergling x4  
  28  2:57  Drone x2  
  30  3:06  Zergling x4  
  30  3:08  Roach Warren  
  31  3:14  Zergling x2  
  32  3:23  Lair  
  32  3:25  Zergling x6  
  35  3:29  Drone  
  36  3:35  Zergling x2  
  37  3:45  Spore Crawler  
  37  3:46  Spore Crawler  
  35  3:48  Drone  
  35  3:49  Drone x6  
  42  4:00  Metabolic Boost  
  42  4:03  Overlord  
  42  4:13  Overlord  
  42  4:14  Overlord  
  42  4:27  Roach x3  
  42  4:28  Roach  
  50  4:34  Queen  
  52  4:40  Drone x4  
  56  4:50  Nydus Network  
  55  4:55  Roach x2  
  55  4:56  Roach  
  61  5:09  Roach x2  
  61  5:11  Zergling x2, Overlord  
  66  5:29  Nydus Canal  
  66  5:33  Roach x4  
  66  5:35  Overlord x3  
  74  5:39  Overlord  
  71  6:11  Roach x8  
  81  6:12  Roach  
  87  6:24  Nydus Canal  
  86  6:27  Roach x3  
  90  6:43  Queen x2  
  94  6:50  Spore Crawler  
  94  6:53  Spore Crawler, Nydus Canal  
  78  7:14  Roach  
  78  7:15  Infestation Pit, Roach  
  76  7:32  Roach x3  
  76  7:40  Roach x2  
  76  7:42  Zergling x6  
  71  7:47  Roach  
  71  7:48  Zergling x4  
  71  7:49  Zergling x2  
  68  7:58  Roach  
  68  8:17  Drone x4  
  49  8:48  Hatchery  
  44  8:58  Zergling x2  
  44  8:59  Zergling x10  
  46  9:11  Hatchery  
  45  9:21  Roach  
  45  9:22  Roach  
  49  9:42  Drone x2  
  49  9:43  Hatchery  
  50  9:47  Spore Crawler  
  50  9:49  Spore Crawler  
  48  9:55  Roach  
  43  10:31  Ravager  
  43  10:32  Ravager x6  
  29  11:01  Nydus Canal  
  19  11:05  Drone x3  
  19  11:06  Drone x6  
  10  11:43  Roach  
  9  12:07  Drone  
  10  12:09  Drone  
  11  12:28  Spire  
  10  12:31  Drone x6  
  16  12:43  Hydralisk Den  
  10  13:28  Roach x2  
  11  15:11  Drone  
Show
View Real Time Build Order
Export as new Build Order

xBenx Zerg 

Build Orders: Hatch First 

Get SALT Encoding   

  12  0:02  Drone  
  13  0:14  Drone  
  14  0:35  Hatchery  
  13  0:39  Drone  
  14  0:45  Extractor  
  14  0:46  Drone  
  14  0:56  Overlord  
  14  1:17  Spawning Pool  
  14  1:18  Drone  
  14  1:37  Drone  
  15  1:48  Drone  
  16  1:55  Drone  
  16  1:57  Drone x2  
  19  2:03  Drone  
  19  2:07  Queen  
  22  2:13  Queen  
  25  2:22  Drone  
  25  2:23  Drone  
  25  2:26  Drone  
  27  2:31  Drone  
  28  2:42  Overlord x2  
  28  2:56  Overlord  
  28  3:00  Lair  
  28  3:01  Drone x2  
  28  3:02  Zergling x2  
  31  3:08  Drone  
  31  3:11  Drone  
  33  3:14  Drone  
  34  3:20  Baneling Nest  
  33  3:32  Drone x2  
  33  3:33  Drone x2, Extractor  
  36  3:35  Spore Crawler  
  36  3:37  Spore Crawler  
  34  3:44  Zergling x4  
  34  3:45  Zergling x8  
  40  3:55  Burrow  
  40  4:04  Hatchery  
  39  4:12  Queen  
  41  4:17  Nydus Network  
  41  4:22  Drone  
  41  4:23  Drone x2  
  41  4:24  Drone  
  44  4:28  Extractor  
  44  4:29  Metabolic Boost  
  43  4:40  Drone  
  43  4:41  Drone x2  
  46  4:57  Drone  
  46  4:58  Drone  
  48  5:00  Nydus Canal  
  48  5:05  Drone x2  
  50  5:08  Drone x2  
  50  5:12  Overlord x3  
  52  5:14  Queen  
  52  5:32  Nydus Canal  
  50  5:39  Drone  
  50  5:40  Drone x2  
  50  5:41  Spore Crawler  
  51  5:44  Extractor  
  46  5:50  Spine Crawler  
  43  5:57  Spore Crawler  
  43  5:59  Spore Crawler  
  43  6:00  Extractor, Queen  
  43  6:01  Spore Crawler, Queen  
  43  6:02  Drone x2  
  45  6:06  Spore Crawler  
  45  6:08  Zergling x6  
  43  6:17  Spore Crawler  
  42  6:20  Drone x2  
  42  6:22  Drone x2  
  42  6:23  Zergling x2  
  42  6:24  Zergling x12  
  53  6:27  Baneling  
  53  6:28  Baneling x2  
  53  6:33  Overlord  
  53  6:36  Queen  
  53  6:39  Drone x3  
  58  6:52  Nydus Canal  
  58  6:56  Drone x3  
  58  6:59  Spine Crawler  
  59  7:04  Queen  
  59  7:05  Queen  
  59  7:06  Spine Crawler  
  59  7:08  Queen  
  48  7:24  Queen  
  48  7:25  Roach Warren  
  48  7:26  Drone x3  
  48  7:28  Spore Crawler  
  49  7:30  Spore Crawler  
  46  7:52  Spore Crawler x2  
  46  7:54  Roach Warren  
  43  8:05  Queen  
  43  8:06  Queen  
  43  8:11  Nydus Canal  
  47  8:19  Infestation Pit, Hatchery  
  45  8:28  Extractor, Nydus Canal  
  44  8:42  Zergling x8, Roach x3  
  52  8:56  Hive  
  52  9:01  Drone x3  
  52  9:02  Drone  
  56  9:03  Drone  
  57  9:12  Nydus Canal  
  57  9:24  Drone x3  
  57  9:25  Drone x2  
  57  9:30  Hydralisk Den  
  61  9:38  Evolution Chamber  
  60  9:41  Evolution Chamber  
  60  9:42  Drone x3  
  62  9:54  Evolution Chamber  
  62  9:55  Drone x2  
  62  9:56  Drone  
  62  9:57  Drone x2  
  62  9:59  Drone  
  67  10:00  Zergling x2  
  68  10:11  Nydus Canal  
  68  10:15  Hydralisk x3  
  73  10:34  Nydus Canal  
  73  10:35  Queen  
  71  10:57  Queen x2  
  71  11:21  Drone x11  
  71  11:30  Queen  
  71  11:32  Drone x3  
  76  11:33  Queen x2  
  80  11:41  Queen  
  80  11:42  Drone x3  
  80  11:43  Hydralisk x2  
  80  11:44  Zergling x6, Roach x2  
  96  11:47  Spore Crawler  
  96  11:50  Spine Crawler  
  92  11:56  Nydus Canal  
  92  12:05  Queen  
  92  12:06  Zerg Ground Armor Level 1  
  94  12:15  Zerg Missile Weapons Level 1  
  94  12:33  Overlord x4  
  94  12:44  Nydus Canal  
  82  12:58  Hydralisk x3  
  82  12:59  Zergling x8, Roach x3  
  95  13:19  Nydus Canal  
  95  13:29  Hatchery  
  94  13:55  Zergling x2, Roach  
  97  13:58  Nydus Canal  
  97  14:32  Spine Crawler  
  97  14:33  Spine Crawler  
  95  14:41  Nydus Canal  
  95  14:50  Queen x2  
  72  15:00  Nydus Canal  
  66  15:07  Hydralisk x3  
  66  15:08  Zergling x10, Hydralisk x5, Roach x4  
  66  15:09  Zergling x4, Roach x3  
  66  15:11  Overlord x2  
  66  15:12  Overlord x2  
Tags
 
Add a new tag
Caveats
  • Supply blocks, unpowered buildings, or Contaminate may cause inaccurate times.
  • Supply counts are checked every 10 seconds.